 Dungeon Crawl Stone Soup version 0.31-a0-868-g674d60d6f7 (webtiles) character file.

Game seed: 14680870924040801656

172 garrulousMonolith the Digger (level 5, -2/30 HPs)
             Began as a Gargoyle Earth Elementalist on Oct 11, 2023.
             Slain by Sigmund
             ... wielding a +0 scythe
              (5 damage)
             ... on level 3 of the Dungeon.
             The game lasted 00:03:21 (2793 turns).

garrulousMonolith the Digger (GrEE)                 Turns: 2793, Time: 00:03:21

Health: -2/30      AC: 15    Str: 11    XL:     5   Next: 53%
Magic:  7/8        EV: 11    Int: 18    God:
Gold:   141        SH:  0    Dex: 10    Spells: 3/9 levels left

rFire   . . .        f - +0 short sword (protect)
rCold   . . .        (no shield)
rNeg    + . .        m - +0 leather armour
rPois   ∞            (no helmet)
rElec   +            k - +0 cloak
rCorr   .            (no gloves)
SInv    .            (no boots)
Will    .....        l - amulet of magic regeneration
Stlth   ++           (no ring)
HPRegen 0.25/turn    (no ring)
MPRegen 0.51/turn

%: no passive effects
@: mighty, under a protective aura
A: sickness immunity, AC +4, negative energy resistance 1, electricity
resistance, torment resistance 1, petrification resistance
a: no special abilities


You were on level 3 of the Dungeon.
You visited 1 branch of the dungeon, and saw 3 of its levels.

You collected 141 gold pieces.

Inventory:

Hand Weapons
 f - a +0 short sword of protection (weapon)
Armour
 a - a +0 robe
 k - a +0 cloak (worn)
 m - a +0 leather armour (worn)
Jewellery
 l - an amulet of magic regeneration (around neck)
Talismans
 e - a serpent talisman
Scrolls
 c - 2 scrolls of vulnerability {unknown}
 h - a scroll of noise
Potions
 b - a potion of magic
 i - a potion of haste {unknown}
 n - a potion of brilliance {unknown}
 o - 2 potions of cancellation {unknown}


   Skills:
 + Level 2.1 Fighting
 - Level 2.0 Dodging
 - Level 2.1 Stealth
 + Level 2.6 Spellcasting
 - Level 2.0 Transmutations
 * Level 5.3 Earth Magic


You had 3 spell levels left.
You knew the following spells:

 Your Spells              Type           Power      Damage    Failure   Level
a - Sandblast             Erth           42%        2d11      2%          1
b - Stone Arrow           Conj/Erth      22%        3d8       22%         3
c - Passwall              Tmut/Erth      12%        N/A       8%          2

Your spell library contained the following spells:

 Spells                   Type           Power      Damage    Failure   Level
 Static Discharge         Conj/Air       4%         2-3/arc   34%         2
 Petrify                  Tmut/Erth      15%        N/A       45%         4
 Brom's Barrelling Bould  Conj/Erth      11%        2d3       58%         4
 Airstrike                Air            1%         2d(1-17)  92%         4
 Summon Lightning Spire   Summ/Air       2%         N/A       92%         4


Dungeon Overview and Level Annotations

Branches:
Dungeon (3/15)

Altars:
Dithmenos

Annotations:
D:3 1 exclusion, Sigmund


Innate Abilities, Weirdness & Mutations

You are immune to sickness and miasma.
Your stone body is resilient. (AC +4)
You are immune to poison.
You resist negative energy. (rN+)
You are resistant to electric shocks. (rElec)
You are resistant to unholy torment.
You are immune to petrification.


Message History

Casting: Sandblast (safe; 2% risk of failure)
Confirm with . or Enter, or press ? or * to list all spells.
Aiming: Sandblast (safe; 2% risk of failure)
Press: ? - help, Shift-Dir - straight line The blast of sand hits something.
Something hits you.
Okay, then.
Casting: Sandblast (safe; 2% risk of failure)
Confirm with . or Enter, or press ? or * to list all spells.
Aiming: Sandblast (safe; 2% risk of failure)
Press: ? - help, Shift-Dir - straight line Something hits you but does no damage.
Casting: Sandblast (safe; 2% risk of failure)
Confirm with . or Enter, or press ? or * to list all spells.
Aiming: Sandblast (safe; 2% risk of failure)
Press: ? - help, Shift-Dir - straight line Something hits you but does no damage.
Okay, then.
Casting: Sandblast (safe; 2% risk of failure)
Confirm with . or Enter, or press ? or * to list all spells.
Okay, then.
Casting: Sandblast (safe; 2% risk of failure)
Confirm with . or Enter, or press ? or * to list all spells.
Aiming: Sandblast (safe; 2% risk of failure)
Press: ? - help, Shift-Dir - straight line The blast of sand hits something!
Something hits you!
* * * LOW HITPOINT WARNING * * *
You feel very mighty all of a sudden.
You hear some strange, mumbled words.
A puff of flame appears from out of thin air!
The puff of flame hits you.
* * * LOW HITPOINT WARNING * * *
Something hits you but does no damage.
You hit something but do no damage.
Your weapon exudes an aura of protection.
Casting: Sandblast (safe; 2% risk of failure)
Confirm with . or Enter, or press ? or * to list all spells.
Aiming: Sandblast (safe; 2% risk of failure)
Press: ? - help, Shift-Dir - straight line Something hits you.
You die...

..# #.# ..# #.# ..# #.# ..#
#.########## ..#
#..........# ..#
#########.## ### #.#
#########################.#
#...........{@............#
#........##################
............# ####........#
#........# #........#
#........# ##...[...#
........#


There were no monsters in sight!

Vanquished Creatures
  A black bear (D:3)
  2 adders (D:2)
  A dart slug (D:1)
  4 orcs (D:3)
  3 endoplasms
  4 goblins
  9 hobgoblins
  4 jackals
  5 kobolds
  4 quokkas
  6 ball pythons
  2 bats
  3 frilled lizards
  3 rats
51 creatures vanquished.

Notes
Turn   | Place    | Note
-------+----------+-------------------------------------------
     0 | D:1      | garrulousMonolith the Gargoyle Earth Elementalist began the
                  | quest for the Orb.
     0 | D:1      | Reached XP level 1. HP: 10/10 MP: 3/3
   491 | D:1      | Reached skill level 1 in Transmutations
   546 | D:1      | Reached XP level 2. HP: 15/16 MP: 0/5
  1262 | D:2      | Reached skill level 4 in Earth Magic
  1262 | D:2      | Reached XP level 3. HP: 20/20 MP: 4/6
  1266 | D:2      | Learned a level 3 spell: Stone Arrow
  1269 | D:2      | Learned a level 2 spell: Passwall
  1648 | D:2      | Reached skill level 1 in Fighting
  1861 | D:2      | Reached XP level 4. HP: 25/25 MP: 1/7
  2458 | D:3      | Noticed Sigmund
  2458 | D:3      | Noticed a black bear
  2509 | D:3      | Found a shadowy altar of Dithmenos.
  2784 | D:3      | Killed a black bear
  2785 | D:3      | Reached skill level 5 in Earth Magic
  2785 | D:3      | Reached XP level 5. HP: 8/30 MP: 6/8
  2793 | D:3      | Slain by Sigmund

Illustrated notes

Levels and vault maps discovered:
D:1:      lightli_arrival_quake, layout_loops_ring, grunt_decor_cap
D:2:      layout_basic, hangedman_decor_diamond_cutter, minmay_tiny_reverse_x
D:3:      layout_basic, grunt_temple_overflow_diamond, general_overflow_altar,
          uniq_sigmund

Skill      XL: |  1  2  3  4 |
---------------+-------------+-----
Transmutations | 1 2 |  2.0
Earth Magic    | 4 5 |  5.3
Dodging        | 2 |  2.0
Fighting       | 1 2 |  2.1
Stealth        | |  2.1
Spellcasting   | |  2.6

Action                     |  1- 3 |  4- 6 || total
---------------------------+-------+-------++-------
  Melee: Unarmed           |     5 |       ||     5
         Short sword       |     2 |     4 ||     6
   Cast: Sandblast         |    50 |    29 ||    79
    Use: Scroll            |       |     3 ||     3
         Potion            |       |     2 ||     2
 Armour: Robe              |    15 |       ||    15
         Leather armour    |     6 |    24 ||    30
  Dodge: Dodged            |    19 |    11 ||    30
         Form:             |     1 |       ||     1
         Anaconda          |     1 |       ||     1

Table legend: (Time is in decaauts)
 A = Elapsed time spent in this place.
 B = Non-inter-level travel time spent in this place.
 C = Inter-level travel time spent in this place.
 D = Time resting spent in this place.
 E = Time spent auto-exploring this place.
 F = Levels seen in this place.
 G = Mean time per level.
                   A        B        C        D        E       F      G
               +--------+--------+--------+--------+--------+-----+--------+
         Total |   2831 |   2774 |     57 |    341 |   2004 |   3 |  943.7 |
       Dungeon |   2831 |   2774 |     57 |    341 |   2004 |   3 |  943.7 |
               +--------+--------+--------+--------+--------+-----+--------+

Top non-repeatable levels by time:
     D:1: 1212 daAuts
     D:2: 968 daAuts
     D:3: 650 daAuts
